 Dungeon Crawl Stone Soup version 0.31-a0-1589-g8f5e8aebd6 (webtiles) character file.

Game seed: 16261998992054638056

875 CougarLife the Chopper (level 8, 0/87 HPs)
             Began as an Oni Gladiator on Jan 5, 2024.
             Slain by a wyvern (16 damage)
             ... on level 3 of the Dungeon.
             The game lasted 00:07:39 (4492 turns).

CougarLife the Chopper (Oni Gladiator)              Turns: 4492, Time: 00:07:40

Health: 0/87       AC:  4    Str: 21    XL:     8   Next: 4%
Magic:  8/8        EV: 10    Int:  9    God:
Gold:   165        SH:  0    Dex: 10    Spells: 7/7 levels left

rFire   + . .        a - +0 war axe
rCold   . . .        (no shield)
rNeg    . . .        b - +0 robe
rPois   .            c - +0 hat
rElec   .            q - +0 cloak
rCorr   .            (gloves unavailable)
SInv    .            (boots unavailable)
Will    .....        (no amulet)
Stlth   +            o - ring of protection from fire
HPRegen 0.34/turn    (no ring)
MPRegen 0.11/turn

%: no passive effects
@: no status effects
A: large, unfitting armour, horns 1, tough skin 1, double potion healing,
drunken brawling
a: no special abilities


You were on level 3 of the Dungeon.
You visited 1 branch of the dungeon, and saw 4 of its levels.

You collected 165 gold pieces.

Inventory:

Hand Weapons
 a - a +0 war axe (weapon)
Missiles
 d - 3 throwing nets
 e - a large rock
 n - 7 boomerangs
 x - 6 javelins
 y - 5 poisoned darts (quivered)
Armour
 b - a +0 robe (worn)
 c - a +0 hat (worn)
 q - a +0 cloak (worn)
Jewellery
 o - a ring of protection from fire (left hand)
Wands
 s - a wand of charming (5)
Scrolls
 f - a scroll of brand weapon {unknown}
 g - a scroll of enchant weapon {unknown}
 h - a scroll of immolation {unknown}
 j - a scroll of fear {unknown}
 k - 2 scrolls of revelation
 l - a scroll of poison {unknown}
 m - a scroll of identify
 p - a scroll of blinking {unknown}
 r - 2 scrolls of torment {unknown}
 u - a scroll of teleportation {unknown}
 v - a scroll of amnesia {unknown}
Potions
 i - a potion of heal wounds
 t - 2 potions of curing {unknown}
 w - a potion of degeneration {unknown}
 z - a potion of ambrosia {unknown}
 A - a potion of mutation {unknown}


   Skills:
 + Level 7.2 Fighting
 * Level 7.8 Axes
 - Level 2.0 Throwing
 - Level 2.6 Dodging


You had 7 spell levels left.
You didn't know any spells.
Your spell library was empty.

Dungeon Overview and Level Annotations

Branches:
Dungeon (4/15)
 Temple: D:4-7

Altars:
Elyvilon
Kikubaaqudgha
Sif Muna
Yredelemnul
Zin
The Shining One


Innate Abilities, Weirdness & Mutations

You are too large for most types of armour.
You have a pair of small horns on your head.
You have tough skin. (AC +1)
You gain doubled healing and magic from potions.
Whenever you drink a healing potion, you attack all around you.


Message History

g - Guard the area. f - Follow me.
Anything else - Cancel.
Gang up on whom?
Press: ? - help, Dir - move target, f - endoplasm, p - wyvern
Aim: an endoplasm Attack!
The endoplasm hits your wyvern.
Your wyvern barely misses the endoplasm.
The orc priest calls down the wrath of Beogh upon you.
Beogh smites you!
Your wyvern bites the endoplasm!
The endoplasm dies!
The orc priest calls down the wrath of Beogh upon you.
Beogh smites you!
Your wyvern bites the orc priest!!
The orc priest dies!
Something barely misses your wyvern.
Your wyvern bites something!!
Reactivating autopickup.
You feel a bit more experienced.
You have reached level 8!
Your wyvern bites the orc priest!
Your wyvern bites the orc priest.
The orc priest hits your wyvern with a +0 whip.
Your wyvern bites the orc priest.
The orc priest dies!
You start resting.
The wyvern is no longer charmed.
The wyvern bites you!
You slash the wyvern!
The wyvern is severely wounded.
The wyvern bites you! x2
* * * LOW HITPOINT WARNING * * *
You closely miss the wyvern.
The wyvern is severely wounded.
The wyvern bites you.
* * * LOW HITPOINT WARNING * * *
The wyvern barely misses you. x2
A mysterious force pulls you upwards. The hatch slams shut behind you.
You closely miss the wyvern. Your headbutt misses the wyvern.
The wyvern is severely wounded.
The wyvern bites you!
You die...

....# #.###.#.########.# ###
....# ##.##.###......##.# ####
....# #....## ##.###.##.#
##... ....# #..##.###.##
#.##<####.### #####
#..###.#.## #.##......# #
#####..# ##.## #.#######.###
#......# #.# #†# ##...
#.###.#####.######.#### ##.#
#.###.##....k@........# #.#
#(##..##.#####..##.##.# #.#
#.##.###.# #..##.##.######.#
#.##.# #.# #..##...........#
#.##># #.# #..####..########
#.##.# #.#####..####..#
#.##.###..............#
#.##..................########
#.##..######.#######..........


You could see a wyvern.

Vanquished Creatures
  Edmund (D:4)
  Duvessa (D:4)
  An ogre (D:3)
  Dowan (D:4)
  Crazy Yiuf (D:2)
  An orc priest (D:3)
  An iguana (D:4)
  Jessica (D:1)
  Ijyb (D:3)
  Terence (D:3)
  2 orc wizards (D:4)
  Natasha (twice) (D:1)
  Robin (D:2)
  3 gnolls
  3 adders
  3 dart slugs (D:4)
  A ribbon worm (D:2)
  15 orcs
  6 endoplasms
  A giant cockroach (D:1)
  17 goblins
  8 hobgoblins
  12 jackals
  2 quokkas
  3 ball pythons
  5 bats
  3 frilled lizards
  8 kobolds
  6 rats
111 creatures vanquished.

Vanquished Creatures (collateral kills)
  2 orc priests (D:4)
  An orc wizard (D:4)
  An orc (D:4)
  An endoplasm (D:4)
5 creatures vanquished.

Grand Total: 116 creatures vanquished

Notes
Turn   | Place    | Note
-------+----------+-------------------------------------------
     0 | D:1      | CougarLife the Oni Gladiator began the quest for the Orb.
     0 | D:1      | Reached XP level 1. HP: 22/22 MP: 1/1
   192 | D:1      | Reached XP level 2. HP: 29/31 MP: 2/2
   556 | D:1      | Reached XP level 3. HP: 32/37 MP: 3/3
   655 | D:2      | Noticed Jessica
   656 | D:2      | Noticed Natasha
   666 | D:1      | Killed Jessica
   748 | D:1      | Reached XP level 4. HP: 22/48 MP: 4/4
   845 | D:1      | Killed Natasha
   847 | D:1      | HP: 2/48 [gnoll/+0 whip (8)]
  1042 | D:1      | Noticed Natasha
  1049 | D:1      | Killed Natasha
  1050 | D:1      | Reached XP level 5. HP: 55/55 MP: 5/5
  1852 | D:2      | Noticed Robin
  1854 | D:2      | Reached skill level 5 in Axes
  1875 | D:2      | Killed Robin
  2177 | D:2      | Found a runed translucent door.
  2178 | D:2      | Noticed Crazy Yiuf
  2438 | D:2      | Killed Crazy Yiuf
  2439 | D:2      | Reached skill level 5 in Fighting
  2562 | D:3      | Noticed Ijyb
  2587 | D:3      | Reached XP level 6. HP: 51/66 MP: 6/6
  2589 | D:3      | Killed Ijyb
  2697 | D:3      | Identified the +6 mace "Paemm" {heavy, Str-2 Dex+4}
  2805 | D:3      | Found a basalt altar of Yredelemnul.
  3110 | D:3      | Noticed Terence
  3121 | D:3      | Killed Terence
  3427 | D:3      | Found a faded altar of an unknown god.
  3427 | D:3      | Found a glowing silver altar of Zin.
  3446 | D:3      | Found a faded altar of an unknown god.
  3448 | D:3      | Found a shimmering blue altar of Sif Muna.
  3449 | D:3      | Found a glowing golden altar of the Shining One.
  3557 | D:3      | HP: 1/66 [ogre/+0 giant spiked club (22)]
  3559 | D:3      | Reached XP level 7. HP: 2/74 MP: 7/7
  3867 | D:3      | Found an ancient bone altar of Kikubaaqudgha.
  3970 | D:4      | Noticed Duvessa
  3991 | D:4      | Killed Duvessa
  4015 | D:4      | Noticed Dowan
  4038 | D:4      | Killed Dowan
  4249 | D:4      | Found a white marble altar of Elyvilon.
  4332 | D:4      | Noticed Edmund
  4346 | D:4      | Killed Edmund
  4440 | D:4      | Noticed a wyvern
  4459 | D:4      | Reached XP level 8. HP: 48/87 MP: 8/8
  4492 | D:3      | Slain by a wyvern

Illustrated notes

Levels and vault maps discovered:
D:1:      scummos_arrival_simple_fountains, layout_basic
D:2:      layout_basic, due_unseen_surprise, uniq_natasha, uniq_robin,
          uniq_crazy_yiuf_cottage, uniq_jessica
D:3:      layout_loops_ring, chequers_temple_overflow_minitemple,
          lemuel_coloured_pillars_altar, overflow_temple_1_default,
          uniq_terence, uniq_ijyb
D:4:      layout_basic, kennysheep_mini, nicolae_half_adder, uniq_edmund,
          uniq_duvessa

Skill      XL: |  1  2  3  4  5  6  7 |
---------------+----------------------+-----
Fighting       | 3 4 5 7 |  7.2
Axes           | 4 5 6 7 |  7.8
Throwing       | |  2.0
Dodging        | |  2.6

Action                     |  1- 3 |  4- 6 |  7- 9 || total
---------------------------+-------+-------+-------++-------
  Melee: War axe           |    60 |   174 |    66 ||   300
         Headbutt          |     5 |    16 |    10 ||    31
         Punch             |       |     2 |     1 ||     3
  Throw: Boomerang         |       |     6 |       ||     6
         Dart              |       |       |     2 ||     2
  Evoke: Wand              |       |       |     3 ||     3
    Use: Scroll            |       |       |     2 ||     2
         Potion            |       |       |     2 ||     2
   Stab: Sleeping          |       |     1 |       ||     1
 Armour: Robe              |    35 |   127 |    61 ||   223
  Dodge: Dodged            |    44 |   104 |    31 ||   179

Table legend: (Time is in decaauts)
 A = Elapsed time spent in this place.
 B = Non-inter-level travel time spent in this place.
 C = Inter-level travel time spent in this place.
 D = Time resting spent in this place.
 E = Time spent auto-exploring this place.
 F = Levels seen in this place.
 G = Mean time per level.
                   A        B        C        D        E       F      G
               +--------+--------+--------+--------+--------+-----+--------+
         Total |   4573 |   4054 |    519 |    831 |   2418 |   4 | 1143.2 |
       Dungeon |   4573 |   4054 |    519 |    831 |   2418 |   4 | 1143.2 |
               +--------+--------+--------+--------+--------+-----+--------+

Top non-repeatable levels by time:
     D:1: 1757 daAuts
     D:3: 1424 daAuts
     D:2: 843 daAuts
     D:4: 547 daAuts
